 Dungeon Crawl Stone Soup version 0.32-a0-928-g1cae6b7ea0 (webtiles) character file.

Game seed: 8684742165629355890

3175 kae the Mimic (level 9, -3/93 HPs)
             Began as a Demonspawn Shapeshifter on Apr 12, 2024.
             Was an Initiate of Ru.
             Slain by an orc warrior
             ... wielding a +0 war axe
              (10 damage)
             ... in a bailey.
             The game lasted 00:08:04 (7085 turns).

kae the Mimic (Demonspawn Shapeshifter)             Turns: 7085, Time: 00:08:05

Health: -3/93      AC:  3    Str: 15    XL:     9   Next: 63%
Magic:  9/9        EV: 16    Int: 16    God:    Ru [......]
Gold:   271        SH:  0    Dex: 17    Spells: 8/8 levels left

rFire   . .          .
                       - Unarmed
rCold   . . .        (shield currently unavailable)
rNeg    . . .        j - melded +1 scale mail of Egebor {-Tele rPois rN+ Stlth+}
rPois   .            (helmet restricted)
rElec   .            (no cloak)
rCorr   .            (no gloves)
SInv    .            (no boots)
Will    .....        (no amulet) Stlth
                     I - +6 ring of intelligence
HPRegen 0.35/turn    (no ring)
MPRegen 0.11/turn

%: no passive effects
@: berserking (expiring), flux-form, glowing, very quick
A: glow, contaminating, antennae 2, icy blue scales 2, foul stench 1, spiny 1
a: Begin Untransformation, Renounce Religion


You were in a bailey.
You worshipped Ru.
Ru was noncommittal.
You were something dangerously unstable.
You visited 2 branches of the dungeon, and saw 8 of its levels.
You also visited: Bailey.

You collected 337 gold pieces.
You spent 66 gold pieces at shops.


Innate Abilities, Weirdness & Mutations

You are something dangerously unstable.
You glow with magical radiation, making you easy to see and hit.
Foes you strike become dangerously contaminated with magical radiation.
You are incapable of wielding weapons or throwing items.
You have a pair of antennae on your head.
You are mostly covered in icy blue scales. (AC +3)
You may rarely emit foul miasma when damaged in melee.
You are partially covered in sharp spines.


   Skills:
 + Level 2.4 Fighting
 + Level 2.7 Dodging
 + Level 7.5 Unarmed Combat
 * Level 9.5 Shapeshifting


You had 8 spell levels left.
You didn't know any spells.
Your spell library contained the following spells:

 Spells                   Type           Power      Damage    Failure   Level
 Apportation              Tloc           0%         N/A       26%         1
 Kiss of Death            Conj/Necr      0%         2d5       26%         1
 Magic Dart               Conj           0%         1d3       26%         1
 Necrotise                Necr           0%         1d4       26%         1
 Sting                    Conj/Alch      0%         1d3       26%         1
 Blink                    Tloc           0%         N/A       36%         2
 Call Imp                 Summ           0%         N/A       36%         2
 Jinxbite                 Hex            0%         N/A       36%         2
 Mercury Vapours          Alch/Air       0%         N/A       36%         2
 Inner Flame              Hex/Fire       0%         N/A       58%         3
 Vampiric Draining        Necr           0%         2d6       58%         3
 Martyr's Knell           Necr/Summ      0%         N/A       94%         4
 Olgreb's Toxic Radiance  Alch           0%         N/A       94%         4
 Alistair's Intoxication  Alch           0%         N/A       100%        5
 Curse of Agony           Necr           0%         N/A       100%        5
 Irradiate                Conj/Alch      0%         3d11      100%        5
 Death Channel            Necr           0%         N/A       100%        6
 Ignition                 Fire           0%         3d3       100%        8
 Death's Door             Necr           0%         N/A       100%        9

Inventory:

Missiles
 f - 18 stones (quivered)
 h - 3 atropa-tipped darts
 n - 3 boomerangs
 p - 13 poisoned darts
 x - 3 javelins
Armour
 a - a +1 animal skin
 j - the +1 scale mail of Egebor (melded) {-Tele rPois rN+ Stlth+}
   (You found it on level 3 of the Dungeon)

   rPois:     It protects you from poison.
   rN+:       It protects you from negative energy.
   -Tele:     It prevents most forms of teleportation.
   Stlth+:    It makes you more stealthy.
Magical Staves
 r - a staff of cold {!a}
   (You found it on level 5 of the Dungeon)
 z - a staff of cold {!a}
   (You found it on level 6 of the Dungeon)
Jewellery
 I - a +6 ring of intelligence (left hand)
   (You found it on level 3 of the Dungeon)
Talismans
 c - a beast talisman
 d - a flux talisman (active)
Wands
 k - a wand of warping (7)
   (You took it off Ijyb on level 3 of the Dungeon)
 l - a wand of paralysis (6)
   (You found it on level 4 of the Dungeon)
 v - a wand of flame (19)
   (You found it on level 6 of the Dungeon)
 w - a wand of polymorph (3)
   (You took it off Sigmund on level 6 of the Dungeon)
Scrolls
 b - 2 scrolls of teleportation {@r4}
 e - 2 scrolls of enchant weapon
 g - 2 scrolls of poison {!r}
 i - 2 scrolls of silence {!r}
 s - a scroll of fog
 y - 2 scrolls of identify {@r1}
Potions
 m - a potion of resistance
 o - a potion of enlightenment
 q - a potion of brilliance
 t - a potion of lignification {!q}

Dungeon Overview and Level Annotations

Branches:
Dungeon (7/15) Zot: 26638  Temple (1/1) D:7 Zot: 5998  Bailey (1/1) Zot: 5643

Altars:
Ashenzari
Cheibriados
Dithmenos
Fedhas
Hepliaklqana
Kikubaaqudgha
Makhleb
Nemelex Xobeh
Okawaru
Qazlal
Ru
Sif Muna
Trog
Uskayaw
Vehumet
Wu Jian
Xom
Yredelemnul

Shops:
D:1 ?[ D:6

( ### ### ###.###
###.### ###.....###
###.....#
##.........###........
#...........#.........
#.......)...).........
#.....).....#.....āŒ ...
#...oĀ°).....#.........
#...)pā—‹.....#..)......
##..o......###.......)
#'#.....###{###....)#
..,###.### {###.### ...
{ ### ###.. .. { #... .
#... #... #...


You could see 2 orc warriors.


Message History

You emit a cloud of foul miasma!
The gnoll moves out of view. šŸ˜• HP[-9]
You take 9 damage, and now have 52/61 hp.
You hit the gnoll.
The gnoll begins to glow.
The gnoll is engulfed in dark miasma.
The gnoll is poisoned.
The gnoll misses you.
You hit the gnoll but do no damage.
The gnoll glows dangerously bright.
The gnoll is engulfed in dark miasma.
The gnoll looks even sicker.
The gnoll seems to slow down.
The gnoll closely misses you.
You hit the gnoll.
The gnoll shudders as magic cascades through it!
You kill the gnoll! šŸ˜• HP[+1]
You closely miss the hobgoblin.
An orc warrior comes into view. It is wielding a +0 war axe.
The hobgoblin is struck by your spines.
The hobgoblin hits you with a +0 hand axe. šŸ˜• HP[-6]
You take 6 damage, and now have 47/61 hp.
You hit the hobgoblin.
You kill the hobgoblin!
The orc warrior is struck by your spines.
The orc warrior closely misses you.
Things that are here:
a +0 hand axe; a +0 leather armour; a gnoll corpse You closely miss the orc warrior.
The orc warrior closely misses you.
An orc warrior comes into view.
It is wielding a +0 war axe. šŸ˜• HP[+1]
The orc warrior shouts!
You hit the orc warrior.
The orc warrior begins to glow.
You hear a shout!
The orc warrior hits you with a +0 battleaxe!!
* * * LOW HITPOINT WARNING * * *
The gnoll is struck by your spines. The gnoll hits you with a +0 hand axe.
* * * LOW HITPOINT WARNING * * *
You emit a cloud of foul miasma!
The orc is struck by your spines. The orc hits you with a +0 hand axe.
* * * LOW HITPOINT WARNING * * *
You emit a cloud of foul miasma! šŸ˜Ø HP[-32]
You take 32 damage, and now have 16/61 hp.
MASSIVE DAMAGE!! (PAUSE)
You hit the orc warrior.
The orc warrior glows dangerously bright.
The orc warrior is struck by your spines.
The orc warrior closely misses you.
The gnoll is engulfed in dark miasma.
The gnoll is poisoned.
The gnoll hits you with a +0 hand axe!
* * * LOW HITPOINT WARNING * * *
The orc is engulfed in dark miasma.
The orc is poisoned.
The orc seems to slow down.
You kill the orc! šŸ˜± HP[-7]
You take 7 damage, and now have 9/61 hp.
Unknown command.
Unknown command.
Okay, then.
A red film seems to cover your vision as you go berserk!
You feel yourself moving faster!
You feel mighty!
The orc warrior is struck by your spines.
The orc warrior hits you with a +0 battleaxe!
* * * LOW HITPOINT WARNING * * *
The gnoll is engulfed in dark miasma.
The gnoll looks even sicker.
You kill the gnoll! šŸ˜± HP[-4]
You now have 91 max hp (+30).
You barely miss the orc warrior.
Unknown command.
You hit the orc warrior.
The orc warrior shudders as magic cascades through it!
You kill the orc warrior!
The orc warrior misses you. šŸ˜± HP[+1]
You now have 93 max hp (+2).
An orc warrior comes into view. It is wielding a +0 war axe.
Things that are here:
a +0 battleaxe; a +0 ring mail; an orc corpse You completely miss the orc warrior.
Unknown command.
You hit the orc warrior.
The orc warrior begins to glow.
The orc warrior closely misses you.
The orc warrior is struck by your spines.
The orc warrior completely misses you.
Unknown command.
You punch the orc warrior!
The orc warrior glows dangerously bright. šŸ˜± HP[+1] Unknown command.
You punch the orc warrior!
The orc warrior begins to glow.
The orc warrior is struck by your spines.
The orc warrior closely misses you.
The orc warrior is struck by your spines.
The orc warrior completely misses you.
Unknown command.
You hit the orc warrior.
The orc warrior shudders as magic cascades through it!!
You kill the orc warrior!
The orc warrior is struck by your spines.
The orc warrior hits you with a +0 war axe!
You die...
Ru respects your ultimate sacrifice.

Skill      XL: |  1  2  3  4  5  6  7  8  9 |
---------------+----------------------------+-----
Shapeshifting  | 3 4 5 6 8 9 |  9.5
Unarmed Combat | 3 4 5 6 7 |  7.5
Dodging        | 2 |  2.7
Fighting       | 2 |  2.4

Action                     |  1- 3 |  4- 6 |  7- 9 || total
---------------------------+-------+-------+-------++-------
  Melee: Unarmed           |   103 |   132 |   251 ||   486
         Punch             |     2 |       |       ||     2
  Evoke: Wand              |       |       |     1 ||     1
    Use: Scroll            |     6 |     5 |     2 ||    13
         Potion            |       |     4 |     3 ||     7
   Stab: Sleeping          |     3 |     2 |       ||     5
 Armour: Animal skin       |    52 |    20 |       ||    72
         Scale mail        |       |    21 |       ||    21
         Skin              |       |    35 |   117 ||   152
  Dodge: Dodged            |    37 |    53 |   143 ||   233
   Form: Flux              |       |     1 |       ||     1

Levels and vault maps discovered:
D:1:      dpeg_arrival_simpleton_c, layout_basic, serial_shops, shop, shop,
          serial_bayou_lake_a
D:2:      minmay_chambers_of_twos, layout_basic, serial_forest,
          infiniplex_forest_end_double, infiniplex_forest_clump_double,
          infiniplex_forest_lined_3, infiniplex_forest_lined_corner,
          infiniplex_forest_end_2, infiniplex_forest_3_way, nrook_loot_triangle,
          hex_intersection
D:3:      layout_rooms, lemuel_tele_altar, xom_butterflies,
          gammafunk_temple_of_torment, shapermc_ecumenical_altar_notcrosses,
          serial_park_tiny_pond, st_stairs_9, uniq_ijyb
D:4:      layout_loops_cross, old_standard_altar
D:5:      layout_basic, mainiacjoe_overflow_24_doors
D:6:      layout_basic, serial_shops, nicolae_shop_overgrown_old_shop,
          uniq_eustachio, uniq_sigmund, uniq_grinder
D:7:      layout_loops_corners, kennysheep_little_box, lemuel_crystal_altar,
          minmay_temple_entry_glassed_door, enter_bailey_1
Temple:   hellmonk_temple_forest_ring
Bailey:   bailey_axe_minmay_hex_keep, bailey

Notes
Turn   | Place    | Note
-------+----------+-------------------------------------------
     0 | D:1      | kae the Demonspawn Shapeshifter began the quest for the
                  | Orb.
     0 | D:1      | Reached XP level 1. HP: 15/15 MP: 1/1
     0 | D:1      | magus.rc [v1.11.3]
   113 | D:1      | Reached skill level 3 in Shapeshifting
   113 | D:1      | Gained mutation: You have a pair of small antennae on your
                  | head. [demonic ancestry]
   113 | D:1      | Reached XP level 2. HP: 21/21 MP: 2/2
   340 | D:1      | Reached skill level 3 in Unarmed Combat
   569 | D:1      | Found Utsianun's Antique Armour Shoppe.
   572 | D:1      | Found Huitzoj's Magic Scroll Emporium.
   607 | D:1      | Bought 3 scrolls of identify for 66 gold pieces
   653 | D:1      | Gained mutation: You are partially covered in sharp spines.
                  | [demonic ancestry]
   653 | D:1      | Reached XP level 3. HP: 26/26 MP: 3/3
  1304 | D:2      | Gained mutation: You may rarely emit foul miasma when
                  | damaged in melee. [demonic ancestry]
  1304 | D:2      | Reached XP level 4. HP: 26/32 MP: 4/4
  1417 | D:2      | Identified the +3 scale mail of Buireaqa {rN+}
  1607 | D:2      | Reached skill level 4 in Shapeshifting
  1709 | D:2      | You pick up a book of Necromancy and begin reading...
  1709 | D:2      | You add the spells Necrotise, Vampiric Draining, Martyr's
                  | Knell and Curse of Agony to your library.
  2213 | D:3      | Identified the +1 scale mail of Egebor {-Tele rPois rN+
                  | Stlth+}
  2267 | D:3      | Found a shimmering altar of Xom.
  2270 | D:3      | Noticed Ijyb
  2282 | D:3      | Killed Ijyb
  2283 | D:3      | Gained mutation: You are partially covered in icy blue
                  | scales. (AC +2) [demonic ancestry]
  2283 | D:3      | Reached XP level 5. HP: 37/37 MP: 5/5
  2352 | D:3      | Found a basalt altar of Yredelemnul.
  2353 | D:3      | Found an ancient bone altar of Kikubaaqudgha.
  2353 | D:3      | Noticed Menkaure
  2355 | D:3      | Found a transporter.
  2469 | D:3      | Found a faded altar of an unknown god.
  2538 | D:3      | You add the spells Sting, Mercury Vapours and Olgreb's
                  | Toxic Radiance to your library.
  2631 | D:3      | Found a transporter.
  3067 | D:3      | Killed Menkaure
  3068 | D:3      | Reached skill level 4 in Unarmed Combat
  3068 | D:3      | Reached skill level 5 in Shapeshifting
  3068 | D:3      | Gained mutation: You have a pair of antennae on your head.
                  | [demonic ancestry]
  3068 | D:3      | Reached XP level 6. HP: 41/43 MP: 6/6
  3305 | D:4      | You pick up a book of Minor Magic and begin reading...
  3305 | D:4      | You add the spells Magic Dart, Blink and Call Imp to your
                  | library.
  3332 | D:4      | Found a shimmering blue altar of Sif Muna.
  3521 | D:4      | You pick up a book of Party Tricks and begin reading...
  3521 | D:4      | You add the spells Apportation, Jinxbite and Alistair's
                  | Intoxication to your library.
  3849 | D:4      | Gained mutation: You are mostly covered in icy blue scales.
                  | (AC +3) [demonic ancestry]
  3849 | D:4      | Reached XP level 7. HP: 30/48 MP: 7/7
  4080 | D:5      | Entered Level 5 of the Dungeon
  4119 | D:5      | Reached skill level 6 in Shapeshifting
  4202 | D:5      | Reached skill level 5 in Unarmed Combat
  4495 | D:5      | You add the spells Kiss of Death, Death Channel and Death's
                  | Door to your library.
  4495 | D:5      | Got the Directory of the Departed
  4527 | D:5      | Found a hazy altar of Hepliaklqana.
  4897 | D:6      | Reached XP level 8. HP: 41/54 MP: 8/8
  4902 | D:6      | Noticed Grinder
  4905 | D:6      | HP: 13/53 [ogre/+0 giant club (30)]
  4907 | D:6      | Reached skill level 7 in Shapeshifting
  5059 | D:6      | HP: 12/54 [Grinder (5)]
  5060 | D:6      | Killed Grinder
  5195 | D:6      | Reached skill level 6 in Unarmed Combat
  5385 | D:6      | Reached skill level 8 in Shapeshifting
  5527 | D:6      | Found Weojef's Antique Weapon Shoppe.
  5554 | D:6      | Noticed Sigmund
  5725 | D:6      | Noticed Eustachio
  5735 | D:6      | Killed Eustachio
  5749 | D:6      | Killed Sigmund
  5750 | D:6      | Reached XP level 9. HP: 45/59 MP: 9/9
  5858 | D:6      | Reached skill level 7 in Unarmed Combat
  5874 | D:6      | You pick up a book of Spontaneous Combustion and begin
                  | reading...
  5874 | D:6      | You add the spells Inner Flame, Irradiate and Ignition to
                  | your library.
  6386 | D:7      | Found a staircase to the Ecumenical Temple.
  6394 | Temple   | Entered the Ecumenical Temple
  6402 | D:7      | Noticed a troll
  6406 | D:7      | Killed a troll
  6407 | D:7      | Reached skill level 9 in Shapeshifting
  6575 | D:7      | Reached skill level 2 in Dodging
  6655 | D:7      | Found a sacrificial altar of Ru.
  6662 | D:7      | Became a worshipper of Ru the Awakened
  6709 | D:7      | Found a flagged portal.
  6718 | Bailey   | Entered a bailey
  6903 | Bailey   | Reached skill level 2 in Fighting
  7076 | Bailey   | HP: 9/61 [gnoll/+0 hand axe (7)]
  7085 | Bailey   | Slain by an orc warrior

Vanquished Creatures
  A troll (D:7)
  Grinder (D:6)
  Sigmund (D:6)
  Eustachio (D:6)
  Menkaure (D:3)
  A water moccasin (D:6)
  6 orc warriors (Bailey)
  A black bear (D:5)
  3 ogres
  2 phantoms (D:6)
  A bullfrog (D:7)
  3 scorpions
  5 wights (D:4)
  2 howler monkeys (D:6)
  A bombardier beetle (D:6)
  A jelly (D:6)
  3 hounds (D:5)
  An orc priest (D:6)
  2 sleepcaps
  Ijyb (D:3)
  An iguana (D:5)
  3 orc wizards (D:6)
  A hound skeleton (D:3)
  A mummy (D:3)
  10 gnolls
  8 adders
  A shadow imp (D:3)
  A white imp (D:7)
  5 ribbon worms
  2 dart slugs (D:1)
  26 orcs
  10 ball pythons
  11 endoplasms
  2 giant cockroaches (D:2)
  10 goblins
  11 hobgoblins
  11 jackals
  3 quokkas
  A ball python zombie (D:3)
  7 bats
  9 frilled lizards
  6 kobolds
  5 rats
183 creatures vanquished.

Table legend:
 A = Non-vault XP
 B = Vault XP
 C = Vault XP percentage of total XP
 D = Non-vault monster count
 E = Vault monster count
 F = Vault count percentage of total count
                 A         B        C        D         E       F
            +---------+---------+-------+---------+---------+-------
      Total |    2744 |    1922 |  41.2 |     133 |      50 |  27.3
            +---------+---------+-------+---------+---------+-------
        D:1 |      43 |       0 |   0.0 |      25 |       0 |   0.0
        D:2 |      92 |      37 |  28.7 |      28 |       8 |  22.2
        D:3 |      44 |     262 |  85.6 |      17 |       9 |  34.6
        D:4 |     380 |       0 |   0.0 |      12 |       0 |   0.0
        D:5 |     478 |       0 |   0.0 |      17 |       0 |   0.0
        D:6 |    1090 |     681 |  38.5 |      27 |       3 |  10.0
        D:7 |     617 |       0 |   0.0 |       7 |       0 |   0.0
     Bailey |       0 |     942 | 100.0 |       0 |      30 | 100.0
            +---------+---------+-------+---------+---------+-------

Skill      XL: |  1  2  3  4  5  6  7  8  9 |
---------------+----------------------------+-----
Shapeshifting  | 3 4 5 6 8 9 |  9.5
Unarmed Combat | 3 4 5 6 7 |  7.5
Dodging        | 2 |  2.7
Fighting       | 2 |  2.4

Action                     |  1- 3 |  4- 6 |  7- 9 || total
---------------------------+-------+-------+-------++-------
  Melee: Unarmed           |   103 |   132 |   251 ||   486
         Punch             |     2 |       |       ||     2
  Evoke: Wand              |       |       |     1 ||     1
    Use: Scroll            |     6 |     5 |     2 ||    13
         Potion            |       |     4 |     3 ||     7
   Stab: Sleeping          |     3 |     2 |       ||     5
 Armour: Animal skin       |    52 |    20 |       ||    72
         Scale mail        |       |    21 |       ||    21
         Skin              |       |    35 |   117 ||   152
  Dodge: Dodged            |    37 |    53 |   143 ||   233
   Form: Flux              |       |     1 |       ||     1

Illustrated notes

Table legend:
 A = Kills in this place as a percentage of kills in the entire game.
 B = Kills by you in this place as a percentage of kills by you in the entire game.
 C = Kills by friends in this place as a percentage of kills by friends in the entire game.
 D = Other kills in this place as a percentage of other kills in the entire game.
 E = Experience gained in this place as a percentage of experience gained in the entire game.
 F = Experience gained in this place divided by the number of levels of this place that you have seen.
                   A       B       C       D       E      F
               +-------+-------+-------+-------+-------+----------------------
         Total | 100.0 | 100.0 |   N/A |   N/A | 100.0 | 518.4
       Dungeon |  83.6 |  83.6 |   N/A |   N/A |  79.8 | 532.0
        Bailey |  16.4 |  16.4 |   N/A |   N/A |  20.2 | 942.0
               +-------+-------+-------+-------+-------+----------------------

Table legend: (Time is in decaauts)
 A = Elapsed time spent in this place.
 B = Non-inter-level travel time spent in this place.
 C = Inter-level travel time spent in this place.
 D = Time resting spent in this place.
 E = Time spent auto-exploring this place.
 F = Levels seen in this place.
 G = Mean time per level.
                   A        B        C        D        E       F      G
               +--------+--------+--------+--------+--------+-----+--------+
         Total |   7048 |   6892 |    156 |   1246 |   4199 |   9 |  783.1 |
       Dungeon |   6690 |   6534 |    156 |   1079 |   4161 |   7 |  955.7 |
        Temple |      1 |      1 |      0 |      0 |      0 |   1 |    1.0 |
        Bailey |    356 |    356 |      0 |    167 |     38 |   1 |  356.0 |
               +--------+--------+--------+--------+--------+-----+--------+

Top non-repeatable levels by time:
     D:6: 1309 daAuts
     D:2: 1248 daAuts
     D:3: 991 daAuts
     D:1: 977 daAuts
     D:5: 929 daAuts
     D:4: 872 daAuts
     D:7: 361 daAuts
  Bailey: 356 daAuts
  Temple: 1 daAuts
